 Dungeon Crawl Stone Soup version 0.31-b1-22-gc680215f68 (webtiles) character file.

Game seed: 6591156525041686768

34 PaiMei the Grave Robber (level 3, 0/24 HPs)
             Began as a Demonspawn Necromancer on Jan 18, 2024.
             Slain by a gnoll
             ... wielding a +0 club
              (2 damage)
             ... on level 2 of the Dungeon.
             The game lasted 00:02:13 (968 turns).

PaiMei the Grave Robber (Demonspawn Necromancer)     Turns: 968, Time: 00:02:14

Health: 0/24       AC:  3    Str:  8    XL:     3   Next: 14%
Magic:  2/6        EV: 12    Int: 17    God:
Gold:   50         SH:  0    Dex: 13    Spells: 2/6 levels left

rFire   . . .        c - +0 dagger
rCold   . . .        (no shield)
rNeg    . . .        a - +0 robe
rPois   .            (no helmet)
rElec   .            (no cloak)
rCorr   .            (no gloves)
SInv    .            (no boots)
Will    .....        (no amulet)
Stlth   ++           (no ring)
HPRegen 0.24/turn    (no ring)
MPRegen 0.20/turn

%: no passive effects
@: no status effects
A: magic regeneration, sharp scales 1
a: no special abilities


You were on level 2 of the Dungeon.
You visited 1 branch of the dungeon, and saw 2 of its levels.

You collected 50 gold pieces.

Inventory:

Hand Weapons
 c - a +0 dagger (weapon)
Armour
 a - a +0 robe (worn)
Jewellery
 e - a ring of wizardry
 i - a ring of willpower
Scrolls
 d - a scroll of blinking {unknown}
 g - a scroll of vulnerability {unknown}
 k - a scroll of fog {unknown}
 m - a scroll of teleportation {unknown}
 n - 2 scrolls of noise {unknown}
 o - a scroll of identify {unknown}
Potions
 b - a potion of magic
 f - a potion of might {unknown}
 h - 2 potions of curing {unknown}
 j - 2 potions of enlightenment {unknown}
 l - a potion of cancellation {unknown}


   Skills:
 + Level 0.2 Fighting
 + Level 2.2 Dodging
 - Level 2.2 Stealth
 + Level 2.4 Spellcasting
 + Level 4.7 Necromancy


You had 2 spell levels left.
You knew the following spells:

 Your Spells              Type           Power      Damage    Failure   Level
a - Necrotise             Necr           72%        1d7       2%          1
b - Vampiric Draining     Necr           18%        2d7       8%          3

Your spell library contained the following spells:

 Spells                   Type           Power      Damage    Failure   Level
 Summon Small Mammal      Summ           8%         N/A       19%         1
 Animate Dead             Necr           18%        N/A       26%         4
 Call Canine Familiar     Summ           2%         N/A       50%         3
 Curse of Agony           Necr           18%        N/A       58%         5
 Summon Blazeheart Golem  Fire/Summ      2%         N/A       88%         4


Dungeon Overview and Level Annotations

Branches:
Dungeon (2/15)

Altars:


Innate Abilities, Weirdness & Mutations

You regenerate magic rapidly.
You are partially covered in razor-sharp scales. (AC +1, Slay +1)


Message History

An adder comes into view.
The ball python barely misses you. The ball python constricts you.
You escape the ball python's grasp.
Casting: Necrotise (safe; 2% risk of failure)
Confirm with . or Enter, or press ? or * to list all spells.
Aiming: Necrotise (safe; 2% risk of failure)
Press: ? - help, Shift-Dir - straight line, f/p - ball python
Aim: a ball python (severely wounded, chance to affect: 88%)
The gnoll writhes in agony.
The adder hisses angrily.
Casting: Necrotise (safe; 2% risk of failure)
Confirm with . or Enter, or press ? or * to list all spells.
Aiming: Necrotise (safe; 2% risk of failure)
Press: ? - help, Shift-Dir - straight line, f/p - ball python
Aim: a ball python (severely wounded, chance to affect: 88%)
The ball python writhes in agony!
You kill the ball python!
The dead are slithering!
The gnoll barely misses you. The gnoll hits you with a +0 club.
You swap places.
A bat comes into view.
The gnoll attacks as it pursues you!
The gnoll hits you from afar with a +0 halberd.
* * * LOW HITPOINT WARNING * * *
The gnoll barely misses you.
Your ball python skeleton bites the gnoll.
Your ball python skeleton grabs the gnoll.
Your ball python skeleton constricts the gnoll.
Casting: Necrotise (safe; 2% risk of failure)
Confirm with . or Enter, or press ? or * to list all spells.
Aiming: Necrotise (safe; 2% risk of failure)
Press: ? - help, Shift-Dir - straight line, f - gnoll
Aim: a gnoll, wielding a +0 club (heavily wounded, constricted by your ball python skeleton, ally target, chance to affect: 83%)
The gnoll writhes in agony.
The adder bites your ball python skeleton.
The gnoll hits you from afar with a +0 halberd.
* * * LOW HITPOINT WARNING * * *
The adder bites your ball python skeleton.
The gnoll hits you with a +0 club.
You die...

...##......#.##
##.####........
#............##
###
#............#
#..
#.########...#
#.# #. ....##
#.# #.
.#...##.# ##
##..#.##
#.@ZS##
###ggg####.##.#
#.#.b.......#
...#....##.###
# #####.##.....
###.# ....
=..... ....#.#
#.#.# .......
....... #.#.#
.##.### .......
# #.# g. .#


You could see 3 gnolls, an adder (ally target), a bat and a friendly ball python
skeleton.

Vanquished Creatures
  A dart slug (D:1)
  5 ball pythons
  2 bats (D:1)
  7 endoplasms
  A giant cockroach (D:1)
  A goblin (D:1)
  4 hobgoblins (D:1)
  2 kobolds (D:1)
  2 rats
25 creatures vanquished.

Vanquished Creatures (collateral kills)
  A kobold (D:1)
1 creature vanquished.

Grand Total: 26 creatures vanquished

Notes
Turn   | Place    | Note
-------+----------+-------------------------------------------
     0 | D:1      | PaiMei the Demonspawn Necromancer began the quest for the
                  | Orb.
     0 | D:1      | Reached XP level 1. HP: 13/13 MP: 3/3
   202 | D:1      | Gained mutation: You are partially covered in razor-sharp
                  | scales. (AC +1, Slay +1) [demonic ancestry]
   202 | D:1      | Reached XP level 2. HP: 13/19 MP: 1/5
   834 | D:2      | Gained mutation: You regenerate magic rapidly. [demonic
                  | ancestry]
   834 | D:2      | Reached XP level 3. HP: 24/24 MP: 3/6
   840 | D:2      | Learned a level 3 spell: Vampiric Draining
   968 | D:2      | Slain by a gnoll

Illustrated notes

Levels and vault maps discovered:
D:1:      dpeg_arrival_orchard, layout_rooms, serial_bayou_pond_c
D:2:      layout_basic

Skill      XL: |  1 |
---------------+----+-----
Stealth        | 2 |  2.2
Dodging        | 2 |  2.2
Fighting       | |  0.2
Spellcasting   | |  2.4
Necromancy     | |  4.7

Action                     || total
---------------------------++-------
  Melee: Unarmed           ||     4
         Dagger            ||     4
   Cast: Necrotise         ||    52
 Armour: Robe              ||    18
  Dodge: Dodged            ||    20
